 Dungeon Crawl Stone Soup version 0.28.0-53-g5a82cb258f (webtiles) character file.

Game seed: 17806711614326399462

16903 DocClef the Frost Mage (level 12, -6/91 HPs)
             Began as a Gnoll Ice Elementalist on July 10, 2022.
             Was a High Priest of Cheibriados.
             Mangled by Rupert
             ... wielding a +4 triple sword of protection
              (40 damage)
             ... on level 12 of the Dungeon.
             The game lasted 00:30:48 (16724 turns).

DocClef the Frost Mage (Gnoll Ice Elementalist)    Turns: 16724, Time: 00:30:49

Health: -6/91      AC:  6    Str: 15    XL:     12   Next: 42%
Magic:  24/24      EV: 35    Int: 36    God:    Cheibriados [*****.]
Gold:   863        SH:  0    Dex: 26    Spells: 13/28 levels left

rFire   . . .      SeeInvis +   q - +8 falchion of Irrovottu {spect, rCorr Str-5 Int+3 SInv}
rCold   . . .      Faith    .   (no shield)
rNeg    . . .      Spirit   .   G - +0 steam dragon scales
rPois   .          Reflect  .   (no helmet)
rElec   .          Harm     .   A - scarf {repulsion}
rCorr   +          Rampage  .   (no gloves)
Will    .....                   (no boots)
Stlth   +++++.....              I - amulet of the acrobat
HPRegen 0.25/turn               o - ring of resist corrosion
MPRegen 0.19/turn               (no ring)

@: acrobatic, repel missiles, very slow
A: fangs 1, strong nose, distributed training
a: Renounce Religion, Bend Time, Temporal Distortion, Slouch, Step From Time


You were on level 12 of the Dungeon.
You worshipped Cheibriados.
Cheibriados was extremely pleased with you.
You visited 2 branches of the dungeon, and saw 13 of its levels.
You also visited: Bailey.

You collected 863 gold pieces.

Inventory:

Hand Weapons
 b - the +8 spear "Gogheaze" {holy, rF+}
   (You found it on level 10 of the Dungeon)

   It has been blessed by the Shining One to cause great damage to the undead
   and demons.
   rF:        It protects you from fire.
 q - the +8 falchion of Irrovottu (weapon) {spect, rCorr Str-5 Int+3 SInv}
   (You found it on level 4 of the Dungeon)

   When its wielder attacks, the weapon's spirit leaps out and strikes again.
   The spirit shares a part of any damage it takes with its wielder.
   Str:       It affects your strength (-5).
   Int:       It affects your intelligence (+3).
   SInv:      It lets you see invisible.
   rCorr:     It protects you from acid and corrosion.
 v - a +3 dire flail of protection
 E - a +2 halberd of electrocution
 F - a +3 scimitar of flaming
 H - a +0 glaive of flaming
Missiles
 z - a throwing net
Armour
 e - the +18 Lear's hauberk
   (You found it on level 6 of the Dungeon)
 u - a +2 robe of cold resistance
 A - a scarf of repulsion (worn)
 G - +0 steam dragon scales (worn)
Jewellery
 o - a ring of resist corrosion (left hand)
 I - an amulet of the acrobat (around neck)
 J - a +4 ring of protection
Wands
 a - a wand of polymorph (4)
 r - a wand of flame (7)
 y - a wand of acid (13)
Scrolls
 d - 10 scrolls of identify
 j - 4 scrolls of teleportation
 l - 3 scrolls of fog
 t - a scroll of enchant armour
 x - a scroll of acquirement
 D - a scroll of blinking
Potions
 c - 3 potions of curing
 f - 2 potions of might
 g - 3 potions of degeneration
 h - a potion of cancellation
 i - 2 potions of magic {unknown}
 k - a potion of resistance
 m - 4 potions of brilliance {unknown}
 n - 4 potions of mutation {unknown}
 p - 2 potions of ambrosia {unknown}
 s - 5 potions of heal wounds {unknown}
 w - 5 potions of invisibility {unknown}
 B - 4 potions of haste {unknown}
 C - a potion of experience {unknown}


   Skills:
 + Level 7.3 Fighting
 + Level 7.3 Short Blades
 + Level 7.3 Long Blades
 + Level 7.3 Axes
 + Level 7.3 Maces & Flails
 + Level 7.3 Polearms
 + Level 7.3 Staves
 + Level 7.3 Slings
 + Level 7.3 Bows
 + Level 7.3 Crossbows
 + Level 7.3 Throwing
 + Level 7.3 Armour
 + Level 8.7 Dodging
 + Level 8.5 Stealth
 + Level 7.3 Shields
 + Level 7.3 Unarmed Combat
 + Level 8.9 Spellcasting
 + Level 6.0 Conjurations
 + Level 6.0 Hexes
 + Level 6.0 Summonings
 + Level 6.0 Necromancy
 + Level 6.0 Translocations
 + Level 6.0 Transmutations
 + Level 6.0 Fire Magic
 + Level 9.4 Ice Magic
 + Level 6.0 Air Magic
 + Level 6.0 Earth Magic
 + Level 6.0 Poison Magic
 + Level 8.0 Invocations
 + Level 7.3 Evocations


You had 13 spell levels left.
You knew the following spells:

 Your Spells              Type           Power      Damage    Failure   Level
a - Freeze                Ice            100%       1d11      1%          1
b - Frozen Ramparts       Ice            100%       1d12      1%          3
c - Ozocubu's Armour      Ice            71%        N/A       1%          3
d - Summon Ice Beast      Ice/Summ       64%        N/A       1%          4
e - Hailstorm             Conj/Ice       64%        3d14      1%          4

Your spell library contained the following spells:

 Spells                   Type           Power      Damage    Failure   Level
 Animate Skeleton         Necr           100%       N/A       1%          1
 Pain                     Necr           100%       1d9       1%          1
 Shock                    Conj/Air       100%       1d9       1%          1
 Gell's Gravitas          Tloc           56%        N/A       1%          3
 Lesser Beckoning         Tloc           56%        N/A       1%          3
 Swiftness                Air            56%        N/A       1%          3
 Teleport Other           Tloc           56%        N/A       1%          3
 Vampiric Draining        Necr           56%        2d10      1%          3
 Airstrike                Air            28%        N/A       2%          4
 Leda's Liquefaction      Hex/Erth       28%        N/A       2%          4
 Metabolic Englaciation   Hex/Ice        32%        N/A       3%          5
 Lee's Rapid Deconstruct  Erth           28%        3d16*     6%          5
 Summon Mana Viper        Hex/Summ       56%        N/A       6%          5
 Simulacrum               Ice/Necr       32%        N/A       16%         6
 Statue Form              Tmut/Erth      37%        N/A       32%         6
 Monstrous Menagerie      Summ           28%        N/A       88%         7


Dungeon Overview and Level Annotations

Branches:
Dungeon (12/15)            Temple (1/1) D:6            Lair (0/6) D:10
    Orc (0/2) D:10         Bailey (visited)

Altars:
Ashenzari
Cheibriados
Dithmenos
Elyvilon
Fedhas
Gozag
Hepliaklqana
Kikubaaqudgha
Makhleb
Nemelex Xobeh
Okawaru
Qazlal
Ru
Sif Muna
Trog
Uskayaw
Vehumet
Wu Jian
Xom
Yredelemnul
Zin
The Shining One
Beogh

Annotations:
D:10 2 transporters, selky's ghost, journeyman SpEn
D:12 exclusion: obsidian statue, Rupert


Innate Abilities, Weirdness & Mutations

You have very sharp teeth.
Your uncanny sense of smell can sniff out nearby items.
Your experience applies equally to all skills.


Message History

Your +8 falchion of Irrovottu {spect, rCorr Str-5 Int+3 SInv} barely misses the gargoyle.
The wall freezes the gargoyle!
You destroy the gargoyle!
Cheibriados appreciates the change of pace.
Your Invocations skill increases to level 8!
You swap places.
Your icy armour cracks and falls away as you move.
The frozen ramparts melt away as you move.
There is an open door here.
You see here a +0 morningstar.
Magic restored.
Key pressed, stopping explore.
HP restored.
An obsidian statue and Rupert come into view.
Rupert is wielding a +4 triple sword of protection.
Rupert shouts!
Rupert drinks a potion.
Rupert suddenly seems more resistant.
The obsidian statue's eyes glow briefly.
Marking area around an obsidian statue as unsafe for travelling.
The crimson imp blinks!
Rupert roars wildly at you.
You struggle to resist.
The quasit misses you. x2; The quasit completely misses you. x4
The quasit completely misses you.
The quasit claws you but does no damage.
The quasit completely misses you. The quasit closely misses you.
The quasit barely misses you. The quasit completely misses you.
The quasit misses you. The quasit closely misses you.
The quasit completely misses you.
Rupert roars madly and goes into a rage!
Rupert goes berserk!
Okay, then.
Rupert barely misses you. The quasit completely misses you. x3
Rupert barely misses you. The quasit closely misses you. The quasit misses you.
The quasit claws you.
Rupert hits you with a +4 triple sword of protection!!!
Ouch! That really hurt!
Rupert hits you with a +4 triple sword of protection!!!
You die...

#.......#...#.....#
#.......#...#.....#
#.......#...#.....#..#
#.......#...#'#####..#
#.......#............#
#....5..#............#
#.......#...######...#
#.....5@#...#....#...#
#)......@...#....#...#
#.......#...#....#<..#
#.......#...#....#...#
#.......#...#....'...#
#########...#....'.###
........######.#
...............#
#..............#
#..............#


You could see Rupert (berserk, resistant), a quasit (summoned) and a crimson imp
(summoned).

Vanquished Creatures
  Harold (D:8)
  Erica (D:10)
  A centaur warrior (D:9)
  2 two-headed ogres
  Nergalle (D:10)
  An orc knight (D:11)
  The ghost of ZappyNine the Covert, a novice SpBr (D:7)
  An ugly thing (D:11)
  A manticore (D:11)
  2 gargoyles
  Maggie (D:10)
  Grinder (D:5)
  2 trolls
  A meliai zombie (D:11)
  3 slime creatures (D:12)
  3 wyverns
  2 vampires (D:11)
  10 yaks (D:9)
  2 basilisks (D:10)
  2 steam dragons
  3 vampire mosquitoes
  Edmund (D:6)
  4 water moccasins
  Duvessa (D:5)
  A hornet zombie (D:7)
  3 sky beasts
  An ice beast (D:6)
  7 orc warriors
  6 black bears
  6 centaurs
  A phantom (D:5)
  A bullfrog (D:7)
  A kobold brigand (D:10)
  A gnoll sergeant (D:10)
  2 scorpions
  Dowan (D:5)
  13 killer bees
  10 wights
  A vampire bat (D:5)
  A howler monkey (D:7)
  A bullfrog skeleton (D:5)
  2 bullfrog zombies
  4 centaur zombies
  9 orc priests
  6 hounds
  4 jellies
  A centaur skeleton (D:6)
  12 orc wizards
  2 hound skeletons
  A howler monkey zombie (D:5)
  15 gnolls
  A howler monkey skeleton (D:4)
  14 adders
  2 river rats (D:6)
  An ufetubus (D:4)
  5 worms
  2 dart slugs
  3 fire bats (D:5)
  77 orcs
  2 spectral bats (D:5)
  3 bat skeletons (D:5)
  A bat zombie (D:5)
  11 endoplasms
  3 giant cockroaches
  13 goblins
  6 hobgoblins
  10 jackals
  4 quokkas
  11 ball pythons
  15 bats
  A bat simulacrum (D:5)
  A frilled lizard (D:2)
  10 kobolds
  8 rats
365 creatures vanquished.

Vanquished Creatures (others)
  3 fungi (D:10)
  17 plants (D:10)
20 creatures vanquished.

Grand Total: 385 creatures vanquished

Notes
Turn   | Place    | Note
-------+----------+-------------------------------------------
     0 | D:1      | DocClef the Gnoll Ice Elementalist began the quest for the
                  | Orb.
     0 | D:1      | Reached XP level 1. HP: 13/13 MP: 6/6
   108 | D:1      | Reached XP level 2. HP: 19/19 MP: 4/7
   507 | D:1      | Reached XP level 3. HP: 25/25 MP: 6/9
   573 | D:1      | Reached skill level 5 in Spellcasting
   577 | D:1      | Learned a level 3 spell: Frozen Ramparts
   581 | D:1      | Learned a level 3 spell: Ozocubu's Armour
   587 | D:1      | Found a faded altar of an unknown god.
   910 | D:1      | Reached skill level 1 in Invocations
  1376 | D:2      | Reached skill level 1 in Fighting
  1376 | D:2      | Reached skill level 1 in Short Blades
  1376 | D:2      | Reached skill level 1 in Long Blades
  1376 | D:2      | Reached skill level 1 in Axes
  1376 | D:2      | Reached skill level 1 in Maces & Flails
  1376 | D:2      | Reached skill level 1 in Polearms
  1376 | D:2      | Reached skill level 1 in Staves
  1376 | D:2      | Reached skill level 1 in Slings
  1376 | D:2      | Reached skill level 1 in Bows
  1376 | D:2      | Reached skill level 1 in Crossbows
  1376 | D:2      | Reached skill level 1 in Throwing
  1376 | D:2      | Reached skill level 1 in Armour
  1376 | D:2      | Reached skill level 1 in Shields
  1376 | D:2      | Reached skill level 1 in Unarmed Combat
  1376 | D:2      | Reached skill level 1 in Evocations
  1498 | D:2      | Reached XP level 4. HP: 31/32 MP: 11/11
  1916 | D:2      | Reached skill level 1 in Conjurations
  1916 | D:2      | Reached skill level 1 in Hexes
  1916 | D:2      | Reached skill level 1 in Summonings
  1916 | D:2      | Reached skill level 1 in Necromancy
  1916 | D:2      | Reached skill level 1 in Translocations
  1916 | D:2      | Reached skill level 1 in Transmutations
  1916 | D:2      | Reached skill level 1 in Fire Magic
  1916 | D:2      | Reached skill level 1 in Air Magic
  1916 | D:2      | Reached skill level 1 in Earth Magic
  1916 | D:2      | Reached skill level 1 in Poison Magic
  2443 | D:3      | Reached XP level 5. HP: 27/37 MP: 8/12
  4457 | D:4      | Reached XP level 6. HP: 28/44 MP: 6/13
  4844 | D:4      | Reached skill level 5 in Dodging
  5124 | D:4      | Identified the +8 falchion of Irrovottu {spect, rCorr Str-5
                  | Int+3 SInv}
  5330 | D:5      | Entered Level 5 of the Dungeon
  5385 | D:5      | Reached XP level 7. HP: 50/50 MP: 15/15
  5673 | D:5      | Noticed Dowan
  5674 | D:5      | Noticed Duvessa
  5685 | D:5      | Killed Duvessa
  5686 | D:5      | Reached skill level 5 in Stealth
  5687 | D:5      | Killed Dowan
  5961 | D:5      | Reached XP level 8. HP: 47/57 MP: 13/16
  6669 | D:5      | Noticed Grinder
  6695 | D:5      | Killed Grinder
  7027 | D:6      | Noticed Edmund
  7043 | D:6      | Killed Edmund
  7044 | D:6      | Reached XP level 9. HP: 51/65 MP: 11/18
  7268 | D:6      | Found a staircase to the Ecumenical Temple.
  7398 | Temple   | Entered the Ecumenical Temple
  7658 | Temple   | Became a worshipper of Cheibriados the Contemplative
  7713 | D:6      | Noticed a troll
  7719 | D:6      | Killed a troll
  7783 | D:6      | Reached skill level 8 in Ice Magic
  7791 | D:6      | Found the +18 Lear's hauberk
  8437 | D:7      | Found a runed translucent gate.
  8439 | D:7      | Found a runed translucent gate.
  8708 | D:7      | Found a runed translucent gate.
  8773 | D:7      | Noticed a gargoyle
  8775 | D:7      | Noticed ZappyNine's ghost (novice SpBr)
  8837 | D:7      | Reached * piety under Cheibriados
  8887 | D:7      | Reached skill level 5 in Invocations
  8911 | D:7      | Reached ** piety under Cheibriados
  9356 | D:7      | Reached XP level 10. HP: 67/72 MP: 13/20
  9959 | D:8      | Reached skill level 5 in Fighting
  9959 | D:8      | Reached skill level 5 in Short Blades
  9959 | D:8      | Reached skill level 5 in Long Blades
  9959 | D:8      | Reached skill level 5 in Axes
  9959 | D:8      | Reached skill level 5 in Maces & Flails
  9959 | D:8      | Reached skill level 5 in Polearms
  9959 | D:8      | Reached skill level 5 in Staves
  9959 | D:8      | Reached skill level 5 in Slings
  9959 | D:8      | Reached skill level 5 in Bows
  9959 | D:8      | Reached skill level 5 in Crossbows
  9959 | D:8      | Reached skill level 5 in Throwing
  9959 | D:8      | Reached skill level 5 in Armour
  9959 | D:8      | Reached skill level 5 in Shields
  9959 | D:8      | Reached skill level 5 in Unarmed Combat
  9959 | D:8      | Reached skill level 5 in Evocations
 10173 | D:8      | Noticed Harold
 10186 | D:8      | Killed Harold
 10481 | D:8      | Found a broken altar of Ashenzari.
 11058 | D:9      | Reached *** piety under Cheibriados
 11456 | D:9      | Reached XP level 11. HP: 81/81 MP: 16/22
 11549 | D:9      | Noticed a centaur warrior
 11554 | D:9      | Noticed a two-headed ogre
 11574 | D:9      | Killed a two-headed ogre
 11577 | D:9      | Killed a centaur warrior
 11578 | D:9      | Reached skill level 5 in Conjurations
 11578 | D:9      | Reached skill level 5 in Hexes
 11578 | D:9      | Reached skill level 5 in Summonings
 11578 | D:9      | Reached skill level 5 in Necromancy
 11578 | D:9      | Reached skill level 5 in Translocations
 11578 | D:9      | Reached skill level 5 in Transmutations
 11578 | D:9      | Reached skill level 5 in Fire Magic
 11578 | D:9      | Reached skill level 5 in Air Magic
 11578 | D:9      | Reached skill level 5 in Earth Magic
 11578 | D:9      | Reached skill level 5 in Poison Magic
 11667 | D:9      | Reached **** piety under Cheibriados
 11950 | D:10     | Entered Level 10 of the Dungeon
 11958 | D:10     | Found a flagged portal.
 11964 | D:10     | Identified the +8 spear "Gogheaze" {holy, rF+}
 11968 | Bailey   | Entered a bailey
 12477 | D:10     | Noticed Nergalle
 12477 | D:10     | Noticed a two-headed ogre
 12486 | D:10     | Killed a two-headed ogre
 12645 | D:10     | Found a staircase to the Orcish Mines.
 12723 | D:10     | Noticed Erica
 12929 | D:10     | Killed Nergalle
 12929 | D:10     | Reached ***** piety under Cheibriados
 12930 | D:10     | Reached skill level 9 in Ice Magic
 13117 | D:10     | Found a staircase to the Lair.
 13138 | D:10     | Noticed Maggie
 13167 | D:10     | Found a transporter.
 13168 | D:10     | Found a transporter.
 13168 | D:10     | Noticed selky's ghost (journeyman SpEn)
 13169 | D:10     | Noticed a two-headed ogre
 13170 | D:10     | Noticed a two-headed ogre
 13283 | D:10     | Noticed a two-headed ogre
 13350 | D:10     | Killed Erica
 13700 | D:10     | Killed Maggie
 14381 | D:10     | Identified the +4 dire flail of Grandeur {vorpal, Str+5}
 14381 | D:10     | Identified the +9 giant spiked club of Compulsion {elec,
                  | rPois rN++ Will-}
 14381 | D:10     | Noticed a two-headed ogre
 14482 | D:7      | Reached XP level 12. HP: 76/89 MP: 19/24
 14493 | D:7      | Killed ZappyNine's ghost
 15402 | D:11     | HP: 1/91 [orc knight/+1 great mace (9)]
 16417 | D:11     | Learned a level 4 spell: Summon Ice Beast
 16422 | D:11     | Learned a level 4 spell: Hailstorm
 16715 | D:12     | Noticed Rupert
 16724 | D:12     | Mangled by Rupert

Illustrated notes

Levels and vault maps discovered:
D:1:      amcnicky_arrival_underground_garden, layout_basic,
          chequers_ecumenical_altar_simple, amcnicky_mini_pool_small
D:2:      layout_loops_cross, lemuel_old_faithful
D:3:      layout_basic, corexii_leaking_fountain
D:4:      layout_cave_pods, minmay_increasing_density
D:5:      layout_basic, goddamned_bats, uniq_duvessa, uniq_grinder
D:6:      layout_basic, minmay_temple_entry_statues_pillars,
          lightli_sewer_entry_pipes, minmay_splitting_lines,
          hellmonk_guarded_unrand_lears, uniq_edmund
D:7:      layout_cave_pools, gammafunk_ghost_split
D:8:      layout_basic, overflow_temple_1_default, lemuel_flame_loot_1,
          uniq_harold
D:9:      layout_roguey [special_room_orc]
D:10:     layout_gridville, minmay_lair_entry_grove,
          minmay_orc_entry_temple_small, enter_bailey_2, gammafunk_ghost_smash,
          uniq_nergalle, uniq_maggie, uniq_erica
D:11:     layout_cave_pools, nicolae_elevator_lobby_asterisk
D:12:     layout_irregular_city, minivault_16, uniq_rupert
Temple:   mainiacjoe_temple_hex_bubbles

Skill      XL: |  1  2  3  4  5  6  7  8  9 10 11 12 |
---------------+-------------------------------------+-----
Spellcasting   | 5 6 7 8 |  8.9
Invocations    | 1 2 3 4 5 6 7 8 |  8.0
Fighting       | 1 2 3 4 5 6 7 |  7.3
Short Blades   | 1 2 3 4 5 6 7 |  7.3
Long Blades    | 1 2 3 4 5 6 7 |  7.3
Axes           | 1 2 3 4 5 6 7 |  7.3
Maces & Flails | 1 2 3 4 5 6 7 |  7.3
Polearms       | 1 2 3 4 5 6 7 |  7.3
Staves         | 1 2 3 4 5 6 7 |  7.3
Slings         | 1 2 3 4 5 6 7 |  7.3
Bows           | 1 2 3 4 5 6 7 |  7.3
Crossbows      | 1 2 3 4 5 6 7 |  7.3
Throwing       | 1 2 3 4 5 6 7 |  7.3
Armour         | 1 2 3 4 5 6 7 |  7.3
Shields        | 1 2 3 4 5 6 7 |  7.3
Unarmed Combat | 1 2 3 4 5 6 7 |  7.3
Evocations     | 1 2 3 4 5 6 7 |  7.3
Conjurations   | 1 2 3 4 5 6 |  6.0
Hexes          | 1 2 3 4 5 6 |  6.0
Summonings     | 1 2 3 4 5 6 |  6.0
Necromancy     | 1 2 3 4 5 6 |  6.0
Translocations | 1 2 3 4 5 6 |  6.0
Transmutations | 1 2 3 4 5 6 |  6.0
Fire Magic     | 1 2 3 4 5 6 |  6.0
Air Magic      | 1 2 3 4 5 6 |  6.0
Earth Magic    | 1 2 3 4 5 6 |  6.0
Poison Magic   | 1 2 3 4 5 6 |  6.0
Dodging        | 5 6 7 8 |  8.7
Stealth        | 5 6 7 8 |  8.5
Ice Magic      | 8 9 |  9.4

Action                   |  1- 3 |  4- 6 |  7- 9 | 10-12 || total
-------------------------+-------+-------+-------+-------++-------
Melee: Unarmed           |     2 |       |       |       ||     2
       Dagger            |    41 |   165 |       |       ||   206
       Bite              |     1 |    10 |    10 |    42 ||    63
       Punch             |       |     2 |     3 |    18 ||    23
       Falchion          |       |    20 |   147 |   286 ||   453
 Cast: Freeze            |    32 |    25 |       |     1 ||    58
       Ozocubu's Armour  |       |     3 |    15 |    35 ||    53
       Frozen Ramparts   |       |     3 |    13 |    26 ||    42
  Use: Scroll            |       |       |    10 |     6 ||    16
 Stab: Sleeping          |     6 |    16 |     7 |    22 ||    51
       Distracted        |       |       |     1 |     3 ||     4
Armor: Robe              |    11 |    48 |    49 |    51 ||   159
       Leather armour    |       |       |     9 |       ||     9
       Chain mail        |       |       |     3 |       ||     3
       Steam dragon scal |       |       |       |    45 ||    45
Dodge: Dodged            |    36 |   179 |   125 |   341 ||   681
       Repelled          |       |       |       |     1 ||     1
